 Dungeon Crawl Stone Soup version 0.21.1-1-g345015fe64 (webtiles) character file.

4160 Goboxel the Magician (level 10, -3/77 HPs)
             Began as a Gnoll Skald on Apr 15, 2018.
             Slain by a centaur warrior zombie (6 damage)
             ... on level 7 of the Dungeon.
             The game lasted 00:15:40 (4793 turns).

Goboxel the Magician (Gnoll Skald)                  Turns: 4793, Time: 00:15:40

Health: -3/77      AC: 11    Str: 18    XL:     10   Next: 28%
Magic:  20/20      EV: 17    Int: 17    God:
Gold:   144        SH:  0    Dex: 19    Spells: 12/23 levels left

rFire    . . .     SeeInvis .   E - +2 long sword (drain)
rCold    . . .     Gourm    .   (no shield)
rNeg     + . .     Faith    .   b - +1 leather armour
rPois    .         Spirit   .   (no helmet)
rElec    .         Reflect  .   q - +2 cloak
rCorr    .         Harm     .   i - +2 pair of gloves
MR       .....                  (no boots)
Stlth    +++.......             t - amulet of regeneration
HPRegen  0.62/turn              C - ring of positive energy
MPRegen  0.17/turn              (no ring)

@: mighty, lethally poisoned (-3 -> -25), about to teleport
A: distributed training, fangs 1, talons 1, agile 1, strong nose
a: no special abilities


You were on level 7 of the Dungeon.
You were not hungry.

You visited 1 branch of the dungeon, and saw 7 of its levels.
You also visited: Ossuary.

You collected 200 gold pieces.
You spent 56 gold pieces at shops.

Inventory:

Hand Weapons
 f - a +1 great sword of slicing
 p - a +2 mace of holy wrath
 E - a +2 long sword of draining (weapon)
Armour
 b - a +1 leather armour (worn)
 i - a +2 pair of gloves (worn)
 q - a +2 cloak (worn)
 A - a +0 ring mail of cold resistance
Jewellery
 t - an amulet of regeneration (around neck)
 C - a ring of positive energy (left hand)
Scrolls
 e - a scroll of enchant weapon
 h - 5 scrolls of remove curse
 k - 10 scrolls of identify
 l - 3 scrolls of enchant armour
 m - a scroll of immolation
 n - a scroll of vulnerability {unknown}
 r - 4 scrolls of amnesia {unknown}
 u - 2 scrolls of magic mapping {unknown}
 y - a scroll of teleportation
 z - 2 scrolls of fear {unknown}
Potions
 a - 2 potions of heal wounds
 j - 2 potions of might
 o - 2 potions of ambrosia
 v - a potion of magic {unknown}
 x - a potion of berserk rage {unknown}
 B - a potion of lignification {unknown}
 D - 2 potions of flight {unknown}
Books
 c - a book of Battle

   Spells                             Type                      Level
   a - Infusion                       Charms                       1
   b - Shroud of Golubria             Charms/Translocation         2
   c - Song of Slaying                Charms                       2
   d - Spectral Weapon                Hexes/Charms                 3
   e - Regeneration                   Charms/Necromancy            3
 w - a book of Misfortune

   Spells                             Type                      Level
   a - Confusing Touch                Hexes                        1
   b - Confuse                        Hexes                        3
   c - Gell's Gravitas                Translocation                3
   d - Petrify                        Transmutation/Earth          4
   e - Metabolic Englaciation         Hexes/Ice                    5
   f - Yara's Violent Unravelling     Hexes/Transmutation          5
Comestibles
 d - 7 rations
 g - 4 chunks of flesh


   Skills:
 + Level 6.9 Fighting
 + Level 5.0 Short Blades
 + Level 6.9 Long Blades
 + Level 5.0 Axes
 + Level 5.0 Maces & Flails
 + Level 5.0 Polearms
 + Level 5.0 Staves
 + Level 5.0 Slings
 + Level 5.0 Bows
 + Level 5.0 Crossbows
 + Level 5.0 Throwing
 + Level 5.7 Armour
 + Level 6.9 Dodging
 + Level 5.0 Stealth
 + Level 5.0 Shields
 + Level 5.0 Unarmed Combat
 + Level 7.2 Spellcasting
 + Level 4.1 Conjurations
 + Level 4.1 Hexes
 + Level 6.9 Charms
 + Level 4.1 Summonings
 + Level 4.1 Necromancy
 + Level 4.1 Translocations
 + Level 4.1 Transmutations
 + Level 4.1 Fire Magic
 + Level 4.1 Ice Magic
 + Level 4.1 Air Magic
 + Level 4.1 Earth Magic
 + Level 4.1 Poison Magic
 + Level 5.5 Invocations
 + Level 5.0 Evocations


You had 12 spell levels left.
You knew the following spells:

 Your Spells              Type           Power        Failure   Level  Hunger
a - Infusion              Chrm           ####         1%          1    None
b - Song of Slaying       Chrm           ####....     1%          2    None
c - Shroud of Golubria    Chrm/Tloc      ####......   1%          2    None
d - Regeneration          Chrm/Necr      ####......   4%          3    ##.....
e - Spectral Weapon       Hex/Chrm       ####....     4%          3    ##.....


Dungeon Overview and Level Annotations

Branches:
Dungeon (7/15)             Temple (0/1) D:4

Altars:
Dithmenos

Shops:
D:6 %*   D:7 =


Innate Abilities, Weirdness & Mutations

Your experience applies equally to all skills.
You have very sharp teeth.
Your uncanny sense of smell can sniff out nearby items.
You have sharp toenails.
You are agile. (Dex +2)


Message History

* * * LOW HITPOINT WARNING * * *
You are more poisoned.
The killer bee poisons you!
The killer bee stings you but does no damage.
The killer bee completely misses you.
You riposte.
You slash the killer bee!
You kill the killer bee!
The killer bee's corpse dissolves into shadows!
The jackal closely misses you.
The centaur warrior zombie hits you but does no damage.
The orc closely misses you. The killer bee misses you.
You riposte.
You closely miss the killer bee. You claw the killer bee.
The killer bee is moderately wounded.
The killer bee stings you.
* * * LOW HITPOINT WARNING * * *
The killer bee misses you. The jackal completely misses you.
You riposte.
You slice the jackal!!
You kill the jackal!
The jackal's corpse dissolves into shadows!
The centaur warrior zombie hits you.
You die...

..............#
...............#
..........(....#
..%............#
#................#
#................#
#................#
#..........yyy...###
#.....###'#o@Zy.....
#.....#...#h.h......
#.....#...#o5.......
#.....'...#.........
#.....#รท..#.........
#.....#...#......###
#.....#...#......+
#.....#...#......#
#.....#...#


You could see 4 killer bees, a crimson imp, 2 orcs, a centaur warrior zombie and
2 jackals.

Vanquished Creatures
  A two-headed ogre (D:6)
  Pikel (D:5)
  2 hungry ghosts (D:7)
  2 sky beasts
  2 ice beasts
  A slave (D:5)
  A black bear (D:7)
  2 phantoms
  4 ogres
  A centaur (D:6)
  4 bullfrogs
  8 scorpions
  4 howler monkeys
  2 crimson imps (D:5)
  2 jellies
  2 orc wizards
  Crazy Yiuf (D:2)
  6 hounds
  A human zombie (Ossuary)
  2 orc priests
  Terence (D:2)
  4 iguanas
  4 worker ants
  2 big kobold zombies (Ossuary)
  A hound skeleton (D:6)
  3 mummies (Ossuary)
  5 scorpion zombies (Ossuary)
  6 adders
  2 adder skeletons
  4 dart slugs
  6 leopard geckos
  21 orcs
  2 giant cockroaches (D:2)
  A gnoll zombie (Ossuary)
  9 goblins
  5 hobgoblins
  18 jackals
  4 kobolds
  5 quokkas
  8 bats
  10 frilled lizards
  4 goblin zombies (Ossuary)
  A hobgoblin zombie (Ossuary)
  A jackal zombie (D:6)
  A kobold zombie (Ossuary)
  A leopard gecko skeleton (D:4)
  4 orc zombies (Ossuary)
  A quokka skeleton (D:4)
  6 rats
189 creatures vanquished.

Vanquished Creatures (others)
  A jackal (D:5)
  A spectral weapon (D:6)
2 creatures vanquished.

Grand Total: 191 creatures vanquished

Notes
Turn   | Place    | Note
-------+----------+-------------------------------------------
     0 | D:1      | Goboxel the Gnoll Skald began the quest for the Orb.
     0 | D:1      | Reached XP level 1. HP: 20/20 MP: 6/6
   132 | D:1      | Reached XP level 2. HP: 24/26 MP: 5/7
   141 | D:1      | Learned a level 2 spell: Song of Slaying
   144 | D:1      | Learned a level 2 spell: Shroud of Golubria
   488 | D:2      | Reached XP level 3. HP: 31/31 MP: 6/9
   541 | D:2      | Noticed a phantom
   567 | D:2      | Killed a phantom
   567 | D:2      | Reached skill level 1 in Short Blades
   567 | D:2      | Reached skill level 1 in Axes
   567 | D:2      | Reached skill level 1 in Maces & Flails
   567 | D:2      | Reached skill level 1 in Polearms
   567 | D:2      | Reached skill level 1 in Staves
   567 | D:2      | Reached skill level 1 in Slings
   567 | D:2      | Reached skill level 1 in Bows
   567 | D:2      | Reached skill level 1 in Crossbows
   567 | D:2      | Reached skill level 1 in Throwing
   567 | D:2      | Reached skill level 1 in Stealth
   567 | D:2      | Reached skill level 1 in Shields
   567 | D:2      | Reached skill level 1 in Unarmed Combat
   567 | D:2      | Reached skill level 5 in Spellcasting
   567 | D:2      | Reached skill level 1 in Conjurations
   567 | D:2      | Reached skill level 1 in Hexes
   567 | D:2      | Reached skill level 1 in Summonings
   567 | D:2      | Reached skill level 1 in Necromancy
   567 | D:2      | Reached skill level 1 in Translocations
   567 | D:2      | Reached skill level 1 in Transmutations
   567 | D:2      | Reached skill level 1 in Fire Magic
   567 | D:2      | Reached skill level 1 in Ice Magic
   567 | D:2      | Reached skill level 1 in Air Magic
   567 | D:2      | Reached skill level 1 in Earth Magic
   567 | D:2      | Reached skill level 1 in Poison Magic
   567 | D:2      | Reached skill level 1 in Invocations
   567 | D:2      | Reached skill level 1 in Evocations
   567 | D:2      | Reached XP level 4. HP: 38/38 MP: 0/11
   575 | D:2      | Learned a level 3 spell: Regeneration
   579 | D:2      | Learned a level 3 spell: Spectral Weapon
   667 | D:2      | Found a faded altar of an unknown god.
   692 | D:2      | Found a shadowy altar of Dithmenos.
   721 | D:2      | Reached XP level 5. HP: 39/43 MP: 7/12
   885 | D:2      | Found a runed door.
   896 | D:2      | Noticed Crazy Yiuf
   912 | D:2      | Killed Crazy Yiuf
  1390 | D:2      | Noticed Terence
  1396 | D:2      | Killed Terence
  1731 | D:3      | Reached XP level 6. HP: 50/50 MP: 4/13
  1854 | D:3      | Gained mutation: You are agile. (Dex +2) [potion of mutation]
  1854 | D:3      | Gained mutation: You have sharp toenails. [potion of mutation]
  2002 | D:4      | Reached skill level 5 in Fighting
  2002 | D:4      | Reached skill level 5 in Long Blades
  2002 | D:4      | Reached skill level 5 in Dodging
  2124 | D:4      | Reached XP level 7. HP: 39/56 MP: 10/15
  2253 | D:4      | Found a staircase to the Ecumenical Temple.
  2506 | D:4      | You fall through a shaft!
  2506 | D:5      | Entered Level 5 of the Dungeon
  2551 | D:5      | Found a sand-covered staircase.
  2569 | Ossuary  | Entered an ossuary
  2731 | Ossuary  | Reached XP level 8. HP: 59/63 MP: 9/16
  3005 | D:5      | Reached skill level 6 in Spellcasting
  3015 | D:5      | Noticed Pikel
  3147 | D:5      | Killed Pikel
  3147 | D:5      | Reached XP level 9. HP: 53/69 MP: 11/18
  4222 | D:6      | Found Rotaw's Food Shop.
  4280 | D:6      | Reached skill level 5 in Armour
  4300 | D:6      | Found Meinimnaz's General Store.
  4307 | D:6      | Bought a potion of might for 56 gold pieces
  4331 | D:6      | Noticed a two-headed ogre
  4340 | D:6      | Killed a two-headed ogre
  4340 | D:6      | Reached skill level 5 in Invocations
  4365 | D:6      | Reached XP level 10. HP: 77/77 MP: 2/20
  4559 | D:6      | Reached skill level 7 in Spellcasting
  4618 | D:7      | Found Roby's Jewellery Shoppe.
  4693 | D:7      | Reached skill level 5 in Short Blades
  4693 | D:7      | Reached skill level 5 in Axes
  4693 | D:7      | Reached skill level 5 in Maces & Flails
  4693 | D:7      | Reached skill level 5 in Polearms
  4693 | D:7      | Reached skill level 5 in Staves
  4693 | D:7      | Reached skill level 5 in Slings
  4693 | D:7      | Reached skill level 5 in Bows
  4693 | D:7      | Reached skill level 5 in Crossbows
  4693 | D:7      | Reached skill level 5 in Throwing
  4693 | D:7      | Reached skill level 5 in Stealth
  4693 | D:7      | Reached skill level 5 in Shields
  4693 | D:7      | Reached skill level 5 in Unarmed Combat
  4693 | D:7      | Reached skill level 5 in Evocations
  4793 | D:7      | HP: 3/77 [killer bee[an orc] (6)]
  4793 | D:7      | Slain by a centaur warrior zombie

Skill      XL: |  1  2  3  4  5  6  7  8  9 10 |
---------------+-------------------------------+-----
Short Blades   | 1 2 3 4 5 |  5.0
Axes           | 1 2 3 4 5 |  5.0
Maces & Flails | 1 2 3 4 5 |  5.0
Polearms       | 1 2 3 4 5 |  5.0
Staves         | 1 2 3 4 5 |  5.0
Slings         | 1 2 3 4 5 |  5.0
Bows           | 1 2 3 4 5 |  5.0
Crossbows      | 1 2 3 4 5 |  5.0
Throwing       | 1 2 3 4 5 |  5.0
Stealth        | 1 2 3 4 5 |  5.0
Shields        | 1 2 3 4 5 |  5.0
Unarmed Combat | 1 2 3 4 5 |  5.0
Spellcasting   | 5 6 7 |  7.2
Conjurations   | 1 2 3 4 |  4.1
Hexes          | 1 2 3 4 |  4.1
Summonings     | 1 2 3 4 |  4.1
Necromancy     | 1 2 3 4 |  4.1
Translocations | 1 2 3 4 |  4.1
Transmutations | 1 2 3 4 |  4.1
Fire Magic     | 1 2 3 4 |  4.1
Ice Magic      | 1 2 3 4 |  4.1
Air Magic      | 1 2 3 4 |  4.1
Earth Magic    | 1 2 3 4 |  4.1
Poison Magic   | 1 2 3 4 |  4.1
Invocations    | 1 2 3 4 5 |  5.5
Evocations     | 1 2 3 4 5 |  5.0
Armour         | 3 4 5 |  5.7
Fighting       | 5 6 |  6.9
Long Blades    | 5 6 |  6.9
Dodging        | 5 6 |  6.9
Charms         | 6 |  6.9

Action                   |  1- 3 |  4- 6 |  7- 9 | 10-12 || total
-------------------------+-------+-------+-------+-------++-------
Melee: Falchion          |    42 |    13 |       |       ||    55
       Bite              |     2 |     9 |    23 |     6 ||    40
       Long sword        |       |    42 |    20 |    51 ||   113
       Mace              |       |    28 |       |       ||    28
       Unarmed           |       |     3 |       |       ||     3
       Great sword       |       |    18 |   121 |       ||   139
       Kick              |       |     5 |    52 |    17 ||    74
       Punch             |       |       |       |     2 ||     2
 Cast: Infusion          |    11 |    13 |    18 |     3 ||    45
       Shroud of Golubri |     1 |     4 |     4 |       ||     9
       Song of Slaying   |       |     3 |     9 |     3 ||    15
       Regeneration      |       |     1 |     1 |       ||     2
       Spectral Weapon   |       |     1 |     5 |     4 ||    10
  Use: Scroll            |       |     9 |     3 |     1 ||    13
       Potion            |       |     1 |       |     1 ||     2
 Stab: Sleeping          |       |     2 |     8 |       ||    10
       Confused          |       |     1 |       |       ||     1
  Eat: Chunk             |       |     4 |     5 |     4 ||    13
       Ration            |       |       |     1 |       ||     1
Armor: Leather armour    |    15 |    27 |    43 |    29 ||   114
       Ring mail         |       |     2 |       |       ||     2
Dodge: Dodged            |    40 |    77 |   139 |    77 ||   333
       Rpst.: Falchion   |    10 |     5 |       |       ||    15
       Long sword        |       |    12 |     5 |    16 ||    33
       Great sword       |       |     2 |    40 |       ||    42
